Map: Hard Lead LE

Players

panhello

  • Race: Protoss Protoss
  • League: Platinum
  • Spawn Location: 11:00

Subwayeatn - Winner!

  • Race: Zerg Zerg
  • League: Platinum
  • Spawn Location: 5:00

VOD

Have the link to the VOD?

Description

Time

  • Played on: Nov. 13, 2023, 9:11 p.m.
  • Length: 11:59
Show
View Real Time Build Order
Export as new Build Order

panhello Protoss 

Build Orders: 1 Gate Expand 

Get SALT Encoding   

  12  0:00  Probe  
  13  0:12  Probe  
  14  0:24  Probe  
  14  0:26  Pylon  
  15  0:44  Probe (Chrono Boost)  
  16  0:56  Gateway, Probe (Chrono Boost)  
  17  1:01  Probe (Chrono Boost)  
  18  1:10  Probe  
  19  1:23  Nexus  
  19  1:29  Forge  
  19  1:32  Probe (Chrono Boost)  
  20  1:44  Probe (Chrono Boost)  
  21  1:49  Probe (Chrono Boost)  
  21  1:50  Pylon  
  22  1:58  Probe  
  23  2:04  Assimilator  
  23  2:10  Probe (Chrono Boost)  
  23  2:13  Photon Cannon  
  24  2:22  Probe (Chrono Boost)  
  25  2:26  Cybernetics Core  
  25  2:27  Probe (Chrono Boost)  
  26  2:33  Pylon  
  26  2:37  Probe (Chrono Boost)  
  26  2:42  Probe (Chrono Boost)  
  28  2:46  Assimilator  
  28  2:47  Probe (Chrono Boost)  
  28  2:50  Probe (Chrono Boost)  
  30  2:52  Probe (Chrono Boost)  
  30  2:53  Assimilator  
  31  3:01  Probe  
  31  3:03  Probe  
  31  3:04  Warp Gate  
  33  3:13  Probe  
  33  3:16  Probe (Chrono Boost)  
  33  3:18  Adept  
  38  3:28  Probe (Chrono Boost)  
  38  3:31  Probe (Chrono Boost)  
  38  3:32  Pylon  
  38  3:35  Pylon, Probe (Chrono Boost), Assimilator  
  38  3:38  Probe (Chrono Boost)  
  40  3:42  Probe  
  40  3:43  Pylon  
  40  3:44  Pylon  
  41  3:51  Stargate  
  41  3:52  Probe (Chrono Boost)  
  41  3:54  Probe (Chrono Boost)  
  44  4:05  Probe (Chrono Boost)  
  44  4:06  Stargate, Probe (Chrono Boost)  
  45  4:10  Probe (Chrono Boost)  
  45  4:14  Probe  
  47  4:18  Pylon  
  47  4:26  Shield Battery, Probe  
  47  4:27  Pylon  
  52  4:49  Void Ray (Chrono Boost)  
  56  4:57  Void Ray (Chrono Boost)  
  56  4:59  Protoss Air Weapons Level 1  
  54  5:02  Stalker  
  60  5:23  Void Ray (Chrono Boost)  
  64  5:29  Void Ray (Chrono Boost)  
  64  5:31  Adept  
  66  5:47  Pylon  
  66  5:51  Photon Cannon  
  66  5:55  Photon Cannon  
  70  5:57  Shield Battery  
  70  5:58  Void Ray (Chrono Boost)  
  70  6:03  Void Ray (Chrono Boost)  
  74  6:28  Protoss Shields Level 1  
  72  6:37  Pylon  
  72  6:54  Phoenix x2  
  72  6:57  Photon Cannon  
  72  6:59  Shield Battery  
  76  7:01  Stalker, Photon Cannon  
  78  7:09  Gateway x2  
  78  7:12  Gateway  
  78  7:14  Gateway  
  78  7:17  Gateway  
  78  7:18  Gateway  
  78  7:19  Gateway, Photon Cannon  
  78  7:23  Robotics Facility  
  78  7:25  Robotics Facility  
  80  8:18  Robotics Bay  
  72  8:30  Photon Cannon  
  72  8:31  Pylon  
  72  8:35  Pylon  
  72  8:39  Robotics Bay  
  72  8:42  Twilight Council  
  72  8:43  Stalker  
  72  8:45  Stalker x4  
  72  8:46  Stalker x3  
  79  9:12  Stalker x3  
  79  9:13  Stalker x4  
  83  9:28  Nexus  
  83  9:31  Pylon  
  83  9:33  Probe (Chrono Boost)  
  83  9:34  Assimilator  
  85  9:39  Colossus x2, Dark Shrine, Probe (Chrono Boost), Assimilator  
  85  9:40  Extended Thermal Lance  
  85  9:43  Probe (Chrono Boost)  
  98  9:47  Probe (Chrono Boost)  
  98  9:48  Probe (Chrono Boost)  
  100  9:59  Probe x2  
  99  10:00  Stalker  
  99  10:01  Stalker x6  
  96  10:21  Probe x2  
  97  10:30  Stalker  
  97  10:32  Stalker x5  
  97  10:33  Probe x2  
  97  10:38  Shield Battery  
  98  10:45  Observer, Probe x3  
  101  10:57  Probe x2  
  101  10:58  Probe  
  96  11:08  Stalker x3  
  96  11:09  Probe x2, Stalker x2  
  96  11:10  Probe  
  87  11:16  Stalker x2  
  65  11:27  Dark Templar x2  
Show
View Real Time Build Order
Export as new Build Order

Subwayeatn Zerg - Winner!

Build Orders: Hatch First 

Get SALT Encoding   

  12  0:00  Drone  
  13  0:12  Overlord  
  13  0:17  Drone  
  14  0:30  Drone x2  
  16  0:49  Hatchery  
  15  0:55  Drone x2  
  17  0:59  Drone  
  17  1:02  Extractor  
  17  1:16  Spawning Pool  
  16  1:19  Drone  
  16  1:21  Drone  
  18  1:27  Drone  
  19  1:38  Overlord  
  19  1:49  Drone  
  20  2:03  Queen x2  
  20  2:04  Metabolic Boost  
  20  2:07  Drone  
  25  2:09  Drone  
  25  2:12  Drone  
  27  2:20  Zergling x2  
  28  2:23  Zergling x2  
  29  2:33  Drone  
  29  2:34  Overlord  
  30  2:54  Hatchery  
  29  2:58  Queen  
  29  3:02  Queen  
  33  3:19  Drone x6  
  39  3:22  Drone  
  39  3:23  Drone  
  41  3:28  Overlord  
  41  3:48  Lair  
  41  3:55  Spore Crawler  
  40  3:57  Spore Crawler  
  40  3:58  Spore Crawler  
  40  3:59  Drone  
  40  4:00  Drone x5, Spore Crawler  
  43  4:04  Extractor  
  43  4:05  Extractor  
  43  4:08  Drone x2  
  43  4:14  Queen  
  45  4:22  Drone x4  
  49  4:30  Zergling x4  
  50  4:37  Zergling x2  
  51  4:41  Drone x4  
  51  4:43  Overlord  
  55  4:46  Overlord  
  55  5:03  Zergling x2  
  55  5:07  Zergling x2  
  57  5:11  Overlord  
  57  5:14  Drone x8  
  65  5:19  Drone  
  65  5:21  Hydralisk Den  
  65  5:22  Pneumatized Carapace  
  65  5:24  Drone  
  65  5:26  Overlord  
  65  5:27  Extractor  
  65  5:29  Drone  
  65  5:31  Drone x2  
  65  5:34  Drone x3  
  71  5:35  Overlord  
  71  5:40  Drone x3  
  74  5:46  Drone  
  74  5:47  Baneling Nest, Overlord  
  74  5:50  Overlord  
  74  5:57  Drone  
  74  6:03  Grooved Spines  
  75  6:06  Drone  
  75  6:08  Lurker Den  
  75  6:09  Zergling x4  
  76  6:12  Zergling x2  
  77  6:19  Drone x2  
  77  6:21  Drone x2  
  77  6:24  Spore Crawler  
  80  6:26  Spore Crawler  
  80  6:32  Centrifugal Hooks  
  79  6:33  Drone x2  
  81  6:43  Hatchery  
  81  6:44  Evolution Chamber  
  81  6:46  Evolution Chamber  
  78  6:47  Baneling  
  78  6:53  Overlord x3  
  78  6:54  Muscular Augments  
  78  6:59  Hydralisk  
  78  7:00  Hydralisk x11  
  102  7:06  Drone x4  
  106  7:10  Overlord  
  106  7:12  Overseer  
  106  7:14  Overseer  
  106  7:16  Overseer  
  106  7:18  Zerg Missile Weapons Level 1  
  106  7:19  Zerg Ground Armor Level 1  
  106  7:25  Infestation Pit  
  106  7:26  Drone x3  
  108  7:31  Hydralisk, Extractor  
  108  7:32  Hydralisk x3, Extractor  
  113  7:45  Hydralisk x3  
  119  8:37  Overlord x5  
  119  8:44  Overlord  
  119  8:45  Overlord x2  
  119  8:54  Spire  
  92  9:19  Overlord x4  
  92  9:20  Overlord  
  92  9:21  Overseer  
  92  9:23  Zerg Missile Weapons Level 2  
  92  9:24  Zerg Ground Armor Level 2  
  90  9:29  Hydralisk x4  
  90  9:30  Hydralisk x9  
  117  9:36  Drone x2  
  119  9:43  Hydralisk x4  
  118  10:00  Hydralisk  
  118  10:01  Hydralisk x11  
  132  10:25  Hydralisk x8  
  146  10:30  Queen  
  142  10:43  Zergling x8, Extractor  
  142  10:44  Zergling x2  
  142  10:46  Hatchery  
  145  10:50  Extractor, Spore Crawler  
  97  11:29  Hydralisk x16  
Tags
 
Add a new tag
Caveats
  • Supply blocks, unpowered buildings, or Contaminate may cause inaccurate times.
  • Supply counts are checked every 10 seconds.